cohdb
Replays
Latest Replays
All Replays
Popular Replays
Top Player Replays
Match Explorer
How It Works
Community
CoH3 Stats
Reddit
Sign in to upload your games and track your stats! →
Sign in with Steam
Match 41018158
Unlisted
Match 41018158
Overview
Messages
Build Orders
End
Royal Engineer Section
Construct Section Command Post
Vickers Machine Gun Team
Selects Heavy Armor Battlegroup
Vickers Machine Gun Team
Construct Section Command Post
Infantry Section
Construct Platoon Command Post
Selects Engineer Detachments
Unlock Bishop Self-propelled Artillery
Bishop Self-propelled Artillery
Bishop Self-propelled Artillery
Arnie
Maniax
brilinta
YangXYZ
Juan
Broly19HS
6block
Komrad Dyatlov
0
0
Comments
sign in to comment!
No comments posted yet!